 Dungeon Crawl Stone Soup version 0.20.1-1-g8b1a95d (webtiles) character file.

2904 equalderp2856 the Slasher (level 9, -5/69 HPs)
             Began as a Mummy Fighter on July 15, 2017.
             Slain by a wyvern (12 damage)
             ... on level 8 of the Dungeon.
             The game lasted 00:24:55 (11118 turns).

equalderp2856 the Slasher (Mummy Fighter)          Turns: 11118, Time: 00:24:55

Health: -5/69      AC:  8    Str: 20    XL:     9   Next: 49%
Magic:  9/9        EV:  9    Int:  8    God:
Gold:   364        SH: 10    Dex: 13    Spells: 8/8 levels left

rFire    x . .     SeeInvis .   a - +0 long sword
rCold    + . .     Gourm    .   c - +0 shield
rNeg     + + +     Faith    .   b - +0 scale mail
rPois    ∞         Spirit   .   r - +1 hat
rElec    .         Reflect  .   (no cloak)
rCorr    .         Harm     .   (no gloves)
MR       +....                  (no boots)
Stlth    ..........             (no amulet)
Regen    0.3/turn               (no ring)
MPRegen  0.2/turn               (no ring)

@: about to teleport
A: no food or potions, fire vulnerability, cold resistance 1, negative energy
resistance 3, torment resistance, unbreathing
a: no special abilities


You were on level 8 of the Dungeon.
You were not hungry.

You visited 1 branch of the dungeon, and saw 8 of its levels.
You also visited: Ossuary.

You collected 364 gold pieces.

Inventory:

Hand Weapons
 a - a +0 long sword (weapon)
 i - a +0 dagger
 n - a +0 fustibalus
 q - a +0 blowgun
 t - a +1 rapier
 u - a +3 hand axe
 v - a +0 short sword
 z - a +2 spear of freezing
 F - a +0 shortbow
Missiles
 d - 103 sling bullets
 e - 358 stones (quivered)
 h - 31 bolts
 s - 20 poisoned needles
 w - 35 arrows
 G - a throwing net
Armour
 b - a +0 scale mail (worn)
 c - a +0 shield (worn)
 g - a +0 buckler
 r - a +1 hat (worn)
 A - a cursed +0 ring mail
 H - a +0 robe
Jewellery
 C - a cursed -3 ring of evasion {unknown}
Wands
 I - a wand of lightning (3/15)
Scrolls
 j - 2 scrolls of amnesia {unknown}
 k - 2 scrolls of remove curse
 l - 8 scrolls of identify
 m - a scroll of noise {unknown}
 o - a scroll of fog
 p - 3 scrolls of immolation {unknown}
 x - a scroll of enchant armour
 E - a scroll of fear {unknown}
Books
 f - a book of Cantrips

   Spells                             Type                      Level
   a - Confusing Touch                Hexes                        1
   b - Animate Skeleton               Necromancy                   1
   c - Summon Small Mammal            Summoning                    1
   d - Apportation                    Translocation                1
 y - a book of Callings

   Spells                             Type                      Level
   a - Summon Small Mammal            Summoning                    1
   b - Call Imp                       Summoning                    2
   c - Call Canine Familiar           Summoning                    3
   d - Summon Guardian Golem          Hexes/Summoning              3
   e - Summon Lightning Spire         Summoning/Air                4
   f - Summon Ice Beast               Ice/Summoning                4
 D - a book of Conjurations

   Spells                             Type                      Level
   a - Magic Dart                     Conjuration                  1
   b - Searing Ray                    Conjuration                  2
   c - Dazzling Spray                 Conjuration/Hexes            3
   d - Fulminant Prism                Conjuration/Hexes            4
   e - Force Lance                    Conjuration/Translocation    4
   f - Iskenderun's Mystic Blast      Conjuration                  4


   Skills:
 + Level 5.7 Fighting
 + Level 7.0 Long Blades
 + Level 5.1 Armour
 + Level 2.8 Dodging
 + Level 1.0 Stealth
 + Level 5.6 Shields


You had 8 spell levels left.
You didn't know any spells.

Dungeon Overview and Level Annotations

Branches:
Dungeon (8/15)             Temple (0/1) D:7
   Lair: D:8-11

Altars:
Dithmenos
Elyvilon
Okawaru
Uskayaw
Vehumet
Zin


Innate Abilities, Weirdness & Mutations

You do not eat or drink.
Your flesh is vulnerable to fire.
You are immune to poison.
Your flesh is cold resistant. (rC+)
You are immune to negative energy. (rN+++)
You are immune to unholy pain and torment.
You can survive without breathing.


Message History

The killer bee stings you.
* * * LOW HITPOINT WARNING * * *
Your surroundings suddenly seem different.
Found a stone staircase leading down.
An ice beast comes into view.
A gnoll comes into view. It is wielding a flail.
The gnoll shouts!
Found a chain mail and 8 gold pieces.
Found 2 fuming yellow potions.
A gnoll comes into view. It is wielding a club.
A wyvern comes into view.
The wyvern hisses angrily.
Found 2 poisoned needles.
Found a forked iron wand.
A porcupine comes into view.
As you read the scroll of teleportation, it crumbles to dust.
You feel strangely unstable. The wyvern bites you.
* * * LOW HITPOINT WARNING * * *
The wyvern bites you!
You die...

#.
#.....[........
#
#..............
+.....$....../.
#...!..........
#..........(...
#.....g........
#..............
#.....lY.......
#.....@r.......
#..............
#...........P..
#.............P
##########...P
.PP. ..P P.


You could see a wyvern, an ice beast, a porcupine and a gnoll.

Vanquished Creatures
  A sky beast (D:7)
  A black bear (D:8)
  2 phantoms
  4 ogres
  A centaur (D:7)
  3 bullfrogs
  3 water moccasin zombies (Ossuary)
  6 scorpions
  A killer bee (D:8)
  3 wights
  A howler monkey (D:5)
  A crimson imp (D:7)
  A centaur zombie (D:7)
  4 hounds
  2 bullfrog skeletons (D:6)
  3 jellies
  A centaur skeleton (D:4)
  An orc priest (D:6)
  4 orc wizards
  3 iguanas
  4 worker ants
  2 big kobold zombies (Ossuary)
  2 hound zombies
  2 hound skeletons (D:5)
  A mummy (Ossuary)
  A howler monkey zombie (D:6)
  2 worker ant zombies (D:6)
  11 gnolls
  12 adders
  A river rat (D:6)
  A shadow imp (D:5)
  An ooze (D:1)
  11 adder zombies
  2 adder skeletons
  4 worms
  3 dart slugs
  10 leopard geckos
  12 orcs
  10 giant cockroaches
  2 gnoll zombies (Ossuary)
  10 hobgoblins
  7 jackals
  5 quokkas
  A ball python (D:3)
  8 bats
  6 frilled lizards
  7 goblins
  6 hobgoblin zombies (Ossuary)
  A jackal skeleton (D:6)
  A jackal zombie (D:7)
  10 kobolds
  6 kobold zombies (Ossuary)
  A leopard gecko zombie (D:1)
  3 orc zombies (Ossuary)
  2 quokka zombies
  6 rats
220 creatures vanquished.

Vanquished Creatures (others)
  A mummy (Ossuary)
1 creature vanquished.

Grand Total: 221 creatures vanquished

Notes
Turn   | Place    | Note
-------+----------+-------------------------------------------
     0 | D:1      | equalderp2856 the Mummy Fighter began the quest for the Orb.
     0 | D:1      | Reached XP level 1. HP: 18/18 MP: 1/1
   157 | D:1      | Reached XP level 2. HP: 18/24 MP: 2/2
   604 | D:1      | Reached skill level 2 in Long Blades
   703 | D:1      | Reached XP level 3. HP: 28/29 MP: 3/3
  1372 | D:2      | Reached XP level 4. HP: 26/35 MP: 4/4
  1873 | D:3      | Found a white marble altar of Elyvilon.
  1873 | D:3      | Found a shadowy altar of Dithmenos.
  2266 | D:3      | Reached XP level 5. HP: 33/41 MP: 5/5
  2302 | D:3      | Reached skill level 3 in Long Blades
  2330 | D:3      | Reached skill level 1 in Dodging
  2404 | D:3      | Found a glowing silver altar of Zin.
  3501 | D:4      | Noticed a phantom
  3624 | D:4      | Reached XP level 6. HP: 27/48 MP: 6/6
  4378 | D:4      | Found a radiant altar of Vehumet.
  4604 | D:5      | Entered Level 5 of the Dungeon
  4621 | D:5      | Found a sand-covered staircase.
  4690 | Ossuary  | Entered an ossuary
  4769 | Ossuary  | Reached XP level 7. HP: 13/54 MP: 7/7
  5222 | Ossuary  | Reached skill level 4 in Long Blades
  6789 | D:5      | Reached XP level 8. HP: 57/61 MP: 8/8
  7057 | D:6      | Reached skill level 5 in Long Blades
  7639 | D:6      | Found a hide-covered altar of Uskayaw.
  8076 | D:6      | Reached skill level 5 in Fighting
  9037 | D:7      | Reached skill level 5 in Shields
  9642 | D:6      | Reached XP level 9. HP: 58/68 MP: 9/9
  9706 | D:7      | Reached skill level 6 in Long Blades
  9909 | D:7      | Found an iron altar of Okawaru.
 10242 | D:7      | Found a staircase to the Ecumenical Temple.
 10336 | D:7      | Reached skill level 5 in Armour
 10524 | D:7      | Reached skill level 1 in Stealth
 11094 | D:8      | Reached skill level 7 in Long Blades
 11118 | D:8      | Slain by a wyvern

Skill      XL: |  1  2  3  4  5  6  7  8  9 |
---------------+----------------------------+-----
Long Blades    | 2 3 4 5 7 |  7.0
Shields        | 3 4 5 |  5.6
Armour         | 3 4 5 |  5.1
Dodging        | 1 2 |  2.8
Fighting       | 4 5 |  5.7
Stealth        | 1 |  1.0

Action                   |  1- 3 |  4- 6 |  7- 9 || total
-------------------------+-------+-------+-------++-------
Melee: Long sword        |   130 |   288 |   641 ||  1059
  Use: Scroll            |       |     4 |     4 ||     8
Armor: Scale mail        |    67 |   124 |   261 ||   452
Dodge: Dodged            |    38 |    88 |   203 ||   329
Block: Shield            |    69 |   154 |   374 ||   597
       Rpst.: Long sword |    11 |    26 |    74 ||   111
